Gulls vs Monsters

Created - Saturday, February 20, 2016 at 03:25

Goals
1 2 3 T
Gulls 3 1 4 8
Monsters 0 1 0 1
Shots
1 2 3 T
Gulls 11 4 8 23
Monsters 8 6 15 29

1st period

1. Gulls , Sven Andrighetto 13 (Ryan Murphy, Jordan Caron) at 0:22
2. Gulls , Sven Andrighetto 14 (Jordan Caron) at 7:57
3. Gulls , Antoine Laganiere 1 (Ryan Murphy, Matt Lashoff) at 15:47 (SH)

Penalties :
Troy Rutkowski (LEM) for Fighting (Major) at 3:17, Jerry D'Amigo (SDI) for Fighting (Major) at 3:17, Matt MacKenzie (LEM) for Interference (Minor) at 4:22, Jimmy Bonneau (SDI) for Holding (Minor) at 14:47

2nd period

4. Gulls , Jordan Caron 12 (Sven Andrighetto, Scott Ford) at 3:48
5. Monsters , Mitch Callahan 9 (Cal O'Reilly, Brandon Montour) at 12:01

Penalties :
Scott Timmins (LEM) for Slashing (Minor) at 0:39

3rd period

6. Gulls , Ryan Pulock 2 (Antoine Laganiere) at 1:46
7. Gulls , Joey Crabb 2 (Jerry D'Amigo) at 3:07
8. Gulls , Brandon Gormley 10 (Ryan Bourque, Ryan Murphy) at 3:17
9. Gulls , Jordan Caron 13 (Sven Andrighetto) at 4:39

Penalties :
Quinton Howden (LEM) for Fighting (Major) at 4:31, Ryan Pulock (SDI) for Fighting (Major) at 4:31, William Wrenn (SDI) for Holding Stick (Minor) at 5:04

Goalie Stats

Jussi Rynnas (SDI), 28 saves from 29 shots - (0.966), W, 26-11-12, 60:00 minutes
FARM GOALIE1 (LEM), 14 saves from 18 shots - (0.778), L, 0-22-0, 39:09 minutes
FARM GOALIE2 (LEM), 1 saves from 5 shots - (0.200), 20:51 minutes

Players Stats for Gulls

Player Name              G  A  P  +/- PIM S  H  SB GA TA FO     MP     PP MP  PK MP  
------------------------------------------------------------------------------------
Antoine Laganiere        1  1  2   3  0   2  3  0  2  0  5/13   18:11   0:41   3:39 
Brad Richard             0  0  0   0  0   0  0  0  0  0  0/0     0:28   0:00   0:00 
Brandon Gormley          1  0  1   4  0   4  4  1  0  1  0/0    26:59   2:08   2:54 
Brayden Irwin            0  0  0   2  0   0  2  0  0  0  0/0    12:59   0:00   0:00 
Carter Camper            0  0  0   0  0   0  1  0  2  0  8/9    16:49   2:05   0:19 
Chase Schaber            0  0  0   0  0   2  1  0  0  1  1/1    12:57   2:05   0:27 
Jerry D'Amigo            0  1  1   1  5   0  0  0  4  1  0/0    18:22   1:00   0:19 
Jimmy Bonneau            0  0  0  -1  2   0  3  0  0  0  0/0    10:57   0:24   0:00 
Joey Crabb               1  0  1   0  0   2  2  0  1  1  0/0    13:53   0:00   0:00 
Jordan Caron             2  2  4   4  0   5  0  0  2  0  0/0    16:00   0:00   0:00 
Matt Lashoff             0  1  1   0  0   0  2  0  0  1  0/0    15:23   0:00   1:47 
Phil Lane                0  0  0   5  0   1  2  0  0  0  3/4    20:33   1:53   3:12 
Ryan Bourque             0  1  1   2  0   0  1  0  2  1  2/3    16:57   1:53   0:00 
Ryan Murphy              0  3  3   4  0   2  0  0  0  2  0/0    23:51   2:08   2:11 
Ryan Pulock              1  0  1   2  5   2  4  0  2  1  0/0    17:27   1:50   0:00 
Scott Ford               0  1  1   0  0   0  1  1  0  2  0/0    11:38   0:00   0:00 
Sven Andrighetto         2  2  4   4  0   3  0  0  1  0  3/9    18:12   1:53   0:00 
William Wrenn            0  0  0   4  2   0  1  1  0  2  0/0    24:22   1:50   1:04 

Players Stats for Monsters

Player Name              G  A  P  +/- PIM S  H  SB GA TA FO     MP     PP MP  PK MP  
------------------------------------------------------------------------------------
Blair Riley              0  0  0  -3  0   0  2  1  4  0  0/0    15:39   0:00   0:43 
Brandon Montour          0  1  1  -1  0   1  3  2  0  2  0/0    22:12   2:38   1:20 
Cal O'Reilly             0  1  1  -3  0   3  1  2  0  1  3/9    22:09   2:18   2:39 
Charles Hudon            0  0  0   0  0   0  0  0  0  0  0/0     0:00   0:00   0:00 
Chase Balisy             0  0  0  -2  0   2  2  1  3  1  1/3    12:23   0:00   0:00 
FARM PLAYER13            0  0  0  -4  0   1  0  0  0  0  0/0    20:25   0:26   1:31 
Jake Dowell              0  0  0   0  0   0  0  0  0  0  0/0     4:57   0:00   0:00 
Jeff Hoggan              0  0  0  -2  0   1  0  0  2  0  0/2    14:43   0:00   2:04 
Jordan Weal              0  0  0  -1  0   0  2  0  5  1  7/13   18:50   2:23   0:36 
Kris Fredheim            0  0  0  -4  0   1  1  3  0  1  0/0    27:32   2:38   2:32 
Mac Bennett              0  0  0   0  0   0  0  0  0  0  0/0     7:40   0:00   0:00 
Matt MacKenzie           0  0  0  -3  2   0  0  0  0  1  0/0    23:47   1:20   1:26 
Mitch Callahan           1  0  1  -1  0   3  1  1  2  1  0/1    14:32   1:35   0:36 
Quinton Howden           0  0  0  -1  5   2  1  0  1  0  0/0    17:22   1:14   0:00 
Scott Timmins            0  0  0  -4  2   3  2  1  0  0  5/10   21:46   1:35   0:59 
Steven Pinizzotto        0  0  0  -1  0   4  6  0  2  2  1/1    18:20   2:23   0:00 
Troy Rutkowski           0  0  0  -3  5   1  0  2  1  0  0/0    20:30   1:20   1:26 
Viktor Arvidsson         0  0  0  -2  0   7  0  0  2  0  0/0    13:11   0:00   0:00 

3 Stars

1 - Jordan Caron (SDI)
2 - Sven Andrighetto (SDI)
3 - Antoine Laganiere (SDI)

Power Play

Gulls - 0 on 2 Attempt(s) - 0.00%
Monsters - 0 on 2 Attempt(s) - 0.00%

Penalty Kill

Gulls - 2 on 2 Attempt(s) - 100.00% - Score 1 goal in Penalty Kill
Monsters - 2 on 2 Attempt(s) - 100.00% - Score 0 goal in Penalty Kill

Team Stat

Gulls - Hits : 27 - Faceoff Wins : 22 - Blocked Shots : 3 - Penalty Minutes : 14
Monsters - Hits : 21 - Faceoff Wins : 17 - Blocked Shots : 13 - Penalty Minutes : 14

Official

Referees : Unknown
Linesman : Unknown

Game Notes

Troy Rutkowski and Jerry D'Amigo fight to a draw at 3:17 of 1st period
FARM GOALIE2 enters game at 3:48 of 2nd period
Quinton Howden and Ryan Pulock fight to a draw at 4:31 of 3rd period
FARM GOALIE1 enters game at 4:39 of 3rd period

Finance

Level 1 -- Attendance: 1447 (72.35%) -- Ticket Income $50,645
Level 2 -- Attendance: 726 (72.60%) -- Ticket Income $10,890
Total Attendance: 2173 (72.43%)
Total Ticket Income: $61,535
Other Income: $30,152
Total Income: $91,687

Gulls

5 vs 5 Forward 
   Center                   Left Wing                Right Wing               Time % Phy DF OF 
 1 Sven Andrighetto         Jordan Caron             Phil Lane                35     1   2  2  
 2 Carter Camper            Jerry D'Amigo            Joey Crabb               30     1   2  2  
 3 Antoine Laganiere        Ryan Bourque             Brayden Irwin            22     1   2  2  
 4 Chase Schaber            Jimmy Bonneau            Jerry D'Amigo            13     1   2  2  

5 vs 5 Defense 
   Defense                  Defense                                           Time % Phy DF OF 
 1 Ryan Murphy              Brandon Gormley                                   35     1   2  2  
 2 Ryan Pulock              William Wrenn                                     30     1   2  2  
 3 Brandon Gormley          Matt Lashoff                                      22     1   2  2  
 4 Scott Ford               William Wrenn                                     13     1   2  2  

PowerPlay Forward 
   Center                   Left Wing                Right Wing               Time % Phy DF OF 
 1 Ryan Bourque             Sven Andrighetto         Phil Lane                60     1   2  2  
 2 Carter Camper            Jerry D'Amigo            Chase Schaber            40     1   2  2  

PowerPlay Defense
   Defense                  Defense                                           Time % Phy DF OF 
 1 Ryan Murphy              Brandon Gormley                                   60     1   2  2  
 2 Ryan Pulock              William Wrenn                                     40     1   2  2  

Penalty Kill 4 Players Forward 
   Center                   Wing                     Time % Phy DF OF 
 1 Phil Lane                Antoine Laganiere        60     1   2  2  
 2 Jerry D'Amigo            Carter Camper            40     1   2  2  

Penalty Kill 4 Players Defense
   Defense                  Defense                  Time % Phy DF OF 
 1 Matt Lashoff             Brandon Gormley          60     1   2  2  
 2 Ryan Murphy              William Wrenn            40     1   2  2  

Penalty Kill - 3 Players Forward 
   Forward                                           Time % Phy DF OF 
 1 Jerry D'Amigo                                     60     1   2  2  
 2 Carter Camper                                     40     1   2  2  

Penalty Kill - 3 Players Defense
   Defense                  Defense                  Time % Phy DF OF 
 1 Matt Lashoff             Brandon Gormley          60     1   2  2  
 2 Ryan Murphy              William Wrenn            40     1   2  2  

4 vs 4 Forward 
   Center                   Wing                     Time % Phy DF OF 
 1 Jordan Caron             Ryan Bourque             60     1   2  2  
 2 Jerry D'Amigo            Carter Camper            40     1   2  2  

4 vs 4 Defense
   Defense                  Defense                  Time % Phy DF OF 
 1 Ryan Murphy              Brandon Gormley          60     1   2  2  
 2 Scott Ford               William Wrenn            40     1   2  2  

Last Minutes Offensive
   Center                   Left Wing                Right Wing               Defense                  Defense                  
   Sven Andrighetto         Jordan Caron             Phil Lane                Ryan Murphy              Brandon Gormley          

Last Minutes Defensive
   Center                   Left Wing                Right Wing               Defense                  Defense                  
   Sven Andrighetto         Jordan Caron             Phil Lane                Ryan Murphy              Brandon Gormley          

Goaltenders
Starting : Jussi Rynnas             
Backup : Louis Domingue           

Extra Forwards
Normal : Ryan Bourque, Antoine Laganiere, Chase Schaber - PP : Ryan Bourque, Antoine Laganiere - PK : Chase Schaber
Extra Defensemen
Normal : Brandon Gormley, Matt Lashoff, William Wrenn - PP : Brandon Gormley - PK : Matt Lashoff, Brandon Gormley
Penalty Shots
Phil Lane, Sven Andrighetto, Jerry D'Amigo, Carter Camper, Ryan Bourque

Monsters

5 vs 5 Forward 
   Center                   Left Wing                Right Wing               Time % Phy DF OF 
 1 Cal O'Reilly             Scott Timmins            Mitch Callahan           35     1   2  2  
 2 Jordan Weal              Quinton Howden           Steven Pinizzotto        30     1   2  2  
 3 Scott Timmins            Jeff Hoggan              Viktor Arvidsson         22     1   2  2  
 4 Chase Balisy             Blair Riley              Cal O'Reilly             13     1   2  2  

5 vs 5 Defense 
   Defense                  Defense                                           Time % Phy DF OF 
 1 Kris Fredheim            Brandon Montour                                   35     1   2  2  
 2 Matt MacKenzie           Troy Rutkowski                                    30     1   2  2  
 3 FARM PLAYER13            Kris Fredheim                                     22     1   2  2  
 4 Kris Fredheim            Brandon Montour                                   13     1   2  2  

PowerPlay Forward 
   Center                   Left Wing                Right Wing               Time % Phy DF OF 
 1 Cal O'Reilly             Scott Timmins            Mitch Callahan           60     1   2  2  
 2 Jordan Weal              Quinton Howden           Steven Pinizzotto        40     1   2  2  

PowerPlay Defense
   Defense                  Defense                                           Time % Phy DF OF 
 1 Kris Fredheim            Brandon Montour                                   60     1   2  2  
 2 Matt MacKenzie           Troy Rutkowski                                    40     1   2  2  

Penalty Kill 4 Players Forward 
   Center                   Wing                     Time % Phy DF OF 
 1 Scott Timmins            Cal O'Reilly             60     1   2  2  
 2 Mitch Callahan           Jordan Weal              40     1   2  2  

Penalty Kill 4 Players Defense
   Defense                  Defense                  Time % Phy DF OF 
 1 Kris Fredheim            Brandon Montour          60     1   2  2  
 2 Matt MacKenzie           Troy Rutkowski           40     1   2  2  

Penalty Kill - 3 Players Forward 
   Forward                                           Time % Phy DF OF 
 1 Mitch Callahan                                    60     1   2  2  
 2 Cal O'Reilly                                      40     1   2  2  

Penalty Kill - 3 Players Defense
   Defense                  Defense                  Time % Phy DF OF 
 1 Kris Fredheim            Brandon Montour          60     1   2  2  
 2 Matt MacKenzie           Troy Rutkowski           40     1   2  2  

4 vs 4 Forward 
   Center                   Wing                     Time % Phy DF OF 
 1 Scott Timmins            Cal O'Reilly             60     1   2  2  
 2 Mitch Callahan           Jordan Weal              40     1   2  2  

4 vs 4 Defense
   Defense                  Defense                  Time % Phy DF OF 
 1 Kris Fredheim            Brandon Montour          60     1   2  2  
 2 Matt MacKenzie           Troy Rutkowski           40     1   2  2  

Last Minutes Offensive
   Center                   Left Wing                Right Wing               Defense                  Defense                  
   Cal O'Reilly             Jordan Weal              Mitch Callahan           Kris Fredheim            Brandon Montour          

Last Minutes Defensive
   Center                   Left Wing                Right Wing               Defense                  Defense                  
   Cal O'Reilly             Jordan Weal              Mitch Callahan           Kris Fredheim            Brandon Montour          

Goaltenders
Starting : FARM GOALIE1             
Backup : FARM GOALIE2             

Extra Forwards
Normal : Cal O'Reilly, Scott Timmins, Jeff Hoggan - PP : Cal O'Reilly, Scott Timmins - PK : Jeff Hoggan
Extra Defensemen
Normal : FARM PLAYER13, Kris Fredheim, Matt MacKenzie - PP : FARM PLAYER13 - PK : Kris Fredheim, Matt MacKenzie
Penalty Shots
Jeff Hoggan, Cal O'Reilly, Mitch Callahan, Jordan Weal, Scott Timmins

% Time on Ice - Gulls

Lines # - Real PCT - Wanted PCT - Time Play
Normal Forward
1 - 31% - 35% - 16:19
2 - 26% - 30% - 13:35
3 - 25% - 22% - 12:59
4 - 18% - 13% - 9:11
Normal Defense
1 - 28% - 35% - 14:33
2 - 31% - 30% - 15:57
3 - 21% - 22% - 10:47
4 - 21% - 13% - 10:47
PP Forward
1 - 47% - 60% - 1:53
2 - 53% - 40% - 2:05
PP Defense
1 - 54% - 60% - 2:08
2 - 46% - 40% - 1:50
PK Forward
1 - 92% - 60% - 3:39
2 - 8% - 40% - 0:19
PK Defense
1 - 45% - 60% - 1:47
2 - 55% - 40% - 2:11
PK3 Forward
1 - 0% - 60%
2 - 0% - 40%
PK3 Defense
1 - 0% - 60%
2 - 0% - 40%
44 Forward
1 - 0% - 60%
2 - 0% - 40%
44 Defense
1 - 0% - 60%
2 - 0% - 40%
Last Minute Offensive  - 0:00
Last Minute Defensive  - 0:00
Total
Forward - 60:00
Defense - 60:00

% Time on Ice - Monsters

Lines # - Real PCT - Wanted PCT - Time Play
Normal Forward
1 - 26% - 35% - 13:31
2 - 33% - 30% - 16:58
3 - 22% - 22% - 11:30
4 - 19% - 13% - 10:05
Normal Defense
1 - 31% - 35% - 16:11
2 - 43% - 30% - 22:38
3 - 17% - 22% - 8:39
4 - 9% - 13% - 4:36
PP Forward
1 - 40% - 60% - 1:35
2 - 60% - 40% - 2:23
PP Defense
1 - 66% - 60% - 2:38
2 - 34% - 40% - 1:20
PK Forward
1 - 85% - 60% - 3:22
2 - 15% - 40% - 0:36
PK Defense
1 - 34% - 60% - 1:20
2 - 66% - 40% - 2:38
PK3 Forward
1 - 0% - 60%
2 - 0% - 40%
PK3 Defense
1 - 0% - 60%
2 - 0% - 40%
44 Forward
1 - 0% - 60%
2 - 0% - 40%
44 Defense
1 - 0% - 60%
2 - 0% - 40%
Last Minute Offensive  - 0:00
Last Minute Defensive  - 0:00
Total
Forward - 60:00
Defense - 60:00

Play by Play

1st period


0:01 of 1st period - Cal O'Reilly wins face-off versus Sven Andrighetto in neutral zone.
0:12 of 1st period - Snap shot by Jordan Caron.
0:12 of 1st period - Stopped by FARM GOALIE1 with a rebound.
0:14 of 1st period - Wrist shot by Jordan Caron.
0:14 of 1st period - Shot Misses the Net.
0:16 of 1st period - Slapshot by Ryan Murphy.
0:16 of 1st period - Shot Misses the Net.
0:18 of 1st period - Slapshot by Ryan Murphy.
0:18 of 1st period - Shot Blocked by Scott Timmins.
0:20 of 1st period - Slapshot by Ryan Murphy.
0:20 of 1st period - Stopped by FARM GOALIE1 with a rebound.
0:22 of 1st period - Snap shot by Sven Andrighetto.
0:22 of 1st period - Goal by Sven Andrighetto - Gulls : 1 - Monsters : 0.
0:23 of 1st period - Carter Camper wins face-off versus Jordan Weal in neutral zone.
1:09 of 1st period - Snap shot by Viktor Arvidsson.
1:09 of 1st period - Stopped by Jussi Rynnas without a rebound.
1:10 of 1st period - Scott Timmins wins face-off versus Antoine Laganiere in Gulls zone.
1:41 of 1st period - Snap shot by Viktor Arvidsson.
1:41 of 1st period - Stopped by Jussi Rynnas with a rebound.
1:43 of 1st period - Snap shot by Viktor Arvidsson.
1:43 of 1st period - Shot Misses the Net.
1:45 of 1st period - Snap shot by Viktor Arvidsson.
1:45 of 1st period - Stopped by Jussi Rynnas without a rebound.
1:46 of 1st period - Chase Balisy wins face-off versus Sven Andrighetto in Gulls zone.
2:01 of 1st period - Jordan Caron is hit by Brandon Montour.
2:25 of 1st period - Jordan Caron is hit by Chase Balisy and loses puck.
2:42 of 1st period - Ryan Murphy is hit by Steven Pinizzotto and loses puck.
2:59 of 1st period - Brandon Gormley is hit by Steven Pinizzotto and loses puck.
3:17 of 1st period - Troy Rutkowski and Jerry D'Amigo fight to a draw.
3:17 of 1st period - Penalty to Troy Rutkowski for Fighting.
3:17 of 1st period - Penalty to Jerry D'Amigo for Fighting.
3:18 of 1st period - Antoine Laganiere wins face-off versus Cal O'Reilly in Gulls zone.
3:25 of 1st period - Slapshot by Ryan Pulock.
3:25 of 1st period - Shot Misses the Net.
3:27 of 1st period - Wrist shot by Antoine Laganiere.
3:27 of 1st period - Shot Blocked by Mitch Callahan.
3:31 of 1st period - Snap shot by Ryan Pulock.
3:31 of 1st period - Stopped by FARM GOALIE1 without a rebound.
3:32 of 1st period - Antoine Laganiere wins face-off versus Cal O'Reilly in Monsters zone.
4:22 of 1st period - Minor Penalty to Matt MacKenzie for Interference.
4:23 of 1st period - Ryan Bourque wins face-off versus Scott Timmins in Monsters zone.
4:26 of 1st period - Slapshot by Ryan Murphy.
4:26 of 1st period - Shot Blocked by Brandon Montour.
4:52 of 1st period - Slapshot by Ryan Murphy.
4:52 of 1st period - Shot Blocked by Kris Fredheim.
5:12 of 1st period - Snap shot by Mitch Callahan.
5:12 of 1st period - Deflect By Jordan Weal.
5:12 of 1st period - Shot Misses the Net.
5:12 of 1st period - Puck is out of play.
5:13 of 1st period - Carter Camper wins face-off versus Mitch Callahan in Gulls zone.
6:13 of 1st period - Jeff Hoggan is hit by William Wrenn and loses puck.
6:22 of 1st period - Penalty to Matt MacKenzie is over, Matt MacKenzie is back on ice.
6:25 of 1st period - Icing by Ryan Murphy.
6:26 of 1st period - Jordan Weal wins face-off versus Ryan Bourque in Gulls zone.
6:35 of 1st period - Snap shot by Sven Andrighetto.
6:35 of 1st period - Shot Misses the Net.
6:37 of 1st period - Snap shot by Phil Lane.
6:37 of 1st period - Stopped by FARM GOALIE1 with a rebound.
6:51 of 1st period - Antoine Laganiere is hit by Quinton Howden and loses puck.
7:57 of 1st period - Slapshot by Sven Andrighetto.
7:57 of 1st period - Goal by Sven Andrighetto - Gulls : 2 - Monsters : 0.
7:58 of 1st period - Jordan Weal wins face-off versus Antoine Laganiere in neutral zone.
8:01 of 1st period - Snap shot by Jordan Weal.
8:01 of 1st period - Shot Misses the Net.
8:04 of 1st period - Icing by Ryan Pulock.
8:05 of 1st period - Antoine Laganiere wins face-off versus Jordan Weal in Gulls zone.
9:07 of 1st period - Icing by Viktor Arvidsson.
9:08 of 1st period - Carter Camper wins face-off versus Scott Timmins in Monsters zone.
10:23 of 1st period - Brandon Gormley is hit by Cal O'Reilly and loses puck.
10:42 of 1st period - Wrist shot by Ryan Bourque.
10:42 of 1st period - Deflect By Quinton Howden.
10:42 of 1st period - Shot Misses the Net.
10:42 of 1st period - Puck is out of play.
10:43 of 1st period - Jordan Weal wins face-off versus Antoine Laganiere in Monsters zone.
10:48 of 1st period - Wrist shot by Steven Pinizzotto.
10:48 of 1st period - Stopped by Jussi Rynnas without a rebound.
10:49 of 1st period - Scott Timmins wins face-off versus Antoine Laganiere in Gulls zone.
11:39 of 1st period - Jimmy Bonneau is hit by Jordan Weal and loses puck.
12:26 of 1st period - Slapshot by Chase Balisy.
12:26 of 1st period - Shot Misses the Net.
12:28 of 1st period - Slapshot by Troy Rutkowski.
12:28 of 1st period - Shot Blocked by Brandon Gormley.
13:43 of 1st period - Viktor Arvidsson is hit by Scott Ford and loses puck.
14:15 of 1st period - Slapshot by Chase Balisy.
14:15 of 1st period - Stopped by Jussi Rynnas with a rebound.
14:47 of 1st period - Minor Penalty to Jimmy Bonneau for Holding.
14:48 of 1st period - Phil Lane wins face-off versus Jordan Weal in Gulls zone.
15:23 of 1st period - Matt Lashoff is hit by Scott Timmins and loses puck.
15:45 of 1st period - Snap shot by Ryan Murphy.
15:45 of 1st period - Deflect By Antoine Laganiere.
15:45 of 1st period - Stopped by FARM GOALIE1 with a rebound.
15:47 of 1st period - Slapshot by Ryan Murphy.
15:47 of 1st period - Deflect By Antoine Laganiere.
15:47 of 1st period - Deflect By Jordan Weal.
15:47 of 1st period - Goal by Antoine Laganiere - Gulls : 3 - Monsters : 0.
15:48 of 1st period - Phil Lane wins face-off versus Jordan Weal in neutral zone.
16:47 of 1st period - Penalty to Jimmy Bonneau is over, Jimmy Bonneau is back on ice.
17:02 of 1st period - Slapshot by Chase Balisy.
17:02 of 1st period - Stopped by Jussi Rynnas with a rebound.
17:04 of 1st period - Slapshot by Troy Rutkowski.
17:04 of 1st period - Stopped by Jussi Rynnas without a rebound.
17:05 of 1st period - Carter Camper wins face-off versus Chase Balisy in Gulls zone.
17:16 of 1st period - Wrist shot by Carter Camper.
17:16 of 1st period - Shot Blocked by Troy Rutkowski.
17:18 of 1st period - Slapshot by Brandon Gormley.
17:18 of 1st period - Shot Blocked by Chase Balisy.
17:20 of 1st period - Snap shot by Joey Crabb.
17:20 of 1st period - Stopped by FARM GOALIE1 without a rebound.
17:21 of 1st period - Carter Camper wins face-off versus Scott Timmins in Monsters zone.
17:28 of 1st period - Jeff Hoggan is hit by Brandon Gormley and loses puck.
17:53 of 1st period - Blair Riley is hit by Jimmy Bonneau and loses puck.
17:58 of 1st period - Wrist shot by Jerry D'Amigo.
17:58 of 1st period - Deflect By Chase Schaber.
17:58 of 1st period - Stopped by FARM GOALIE1 without a rebound.
17:59 of 1st period - Chase Schaber wins face-off versus Chase Balisy in Monsters zone.
18:00 of 1st period - Wrist shot by Jerry D'Amigo.
18:00 of 1st period - Deflect By Chase Schaber.
18:00 of 1st period - Stopped by FARM GOALIE1 with a rebound.
18:25 of 1st period - Ryan Murphy is hit by Jordan Weal and loses puck.
18:58 of 1st period - Snap shot by Viktor Arvidsson.
18:58 of 1st period - Shot Misses the Net.
19:00 of 1st period - Snap shot by Scott Timmins.
19:00 of 1st period - Deflect By Jordan Caron.
19:00 of 1st period - Stopped by Jussi Rynnas without a rebound.
19:01 of 1st period - Scott Timmins wins face-off versus Antoine Laganiere in Gulls zone.
Goals for this period are 3 for Gulls vs 0 for Monsters.
Shots for this period are 11 for Gulls vs 8 for Monsters.

2nd period


0:01 of 2nd period - Sven Andrighetto wins face-off versus Cal O'Reilly in neutral zone.
0:08 of 2nd period - Slapshot by Jordan Caron.
0:08 of 2nd period - Stopped by FARM GOALIE1 with a rebound.
0:39 of 2nd period - Minor Penalty to Scott Timmins for Slashing.
0:40 of 2nd period - Carter Camper wins face-off versus Jeff Hoggan in Monsters zone.
0:58 of 2nd period - Wrist shot by Carter Camper.
0:58 of 2nd period - Shot Blocked by Brandon Montour.
1:10 of 2nd period - Slapshot by Ryan Murphy.
1:10 of 2nd period - Shot Blocked by Kris Fredheim.
1:12 of 2nd period - Snap shot by Ryan Murphy.
1:12 of 2nd period - Deflect By Cal O'Reilly.
1:12 of 2nd period - Stopped by FARM GOALIE1 without a rebound.
1:13 of 2nd period - Ryan Bourque wins face-off versus Jeff Hoggan in Monsters zone.
1:26 of 2nd period - Backhand shot by Sven Andrighetto.
1:26 of 2nd period - Shot Misses the Net.
1:28 of 2nd period - Slapshot by William Wrenn.
1:28 of 2nd period - Shot Blocked by Troy Rutkowski.
1:30 of 2nd period - Wrist shot by Phil Lane.
1:30 of 2nd period - Shot Misses the Net.
2:39 of 2nd period - Penalty to Scott Timmins is over, Scott Timmins is back on ice.
3:01 of 2nd period - Blair Riley is hit by Matt Lashoff and loses puck.
3:48 of 2nd period - Wrist shot by Jordan Caron.
3:48 of 2nd period - Goal by Jordan Caron - Gulls : 4 - Monsters : 0.
3:48 of 2nd period - FARM GOALIE2 enters game.
3:49 of 2nd period - Jordan Weal wins face-off versus Carter Camper in neutral zone.
4:16 of 2nd period - Brandon Montour is hit by Joey Crabb.
4:36 of 2nd period - Brandon Gormley is hit by Brandon Montour.
4:45 of 2nd period - Kris Fredheim is hit by Antoine Laganiere.
4:55 of 2nd period - Scott Timmins is hit by Ryan Bourque and loses puck.
6:05 of 2nd period - Snap shot by Mitch Callahan.
6:05 of 2nd period - Shot Misses the Net.
6:07 of 2nd period - Snap shot by Mitch Callahan.
6:07 of 2nd period - Shot Blocked by William Wrenn.
6:09 of 2nd period - Snap shot by FARM PLAYER13.
6:09 of 2nd period - Stopped by Jussi Rynnas with a rebound.
6:11 of 2nd period - Snap shot by Mitch Callahan.
6:11 of 2nd period - Shot Blocked by Scott Ford.
6:13 of 2nd period - Slapshot by Brandon Montour.
6:13 of 2nd period - Stopped by Jussi Rynnas with a rebound.
7:14 of 2nd period - Wrist shot by Matt Lashoff.
7:14 of 2nd period - Shot Misses the Net.
7:16 of 2nd period - Wrist shot by Phil Lane.
7:16 of 2nd period - Shot Misses the Net.
7:38 of 2nd period - Cal O'Reilly is hit by Joey Crabb and loses puck.
9:22 of 2nd period - Cal O'Reilly is hit by Ryan Pulock and loses puck.
11:27 of 2nd period - Snap shot by Jerry D'Amigo.
11:27 of 2nd period - Shot Misses the Net.
11:29 of 2nd period - Slapshot by Jimmy Bonneau.
11:29 of 2nd period - Shot Misses the Net.
11:31 of 2nd period - Wrist shot by Ryan Pulock.
11:31 of 2nd period - Shot Blocked by Blair Riley.
11:33 of 2nd period - Slapshot by Chase Schaber.
11:33 of 2nd period - Shot Hit the Post.
11:37 of 2nd period - Slapshot by Chase Schaber.
11:37 of 2nd period - Shot Misses the Net.
12:01 of 2nd period - Snap shot by Mitch Callahan.
12:01 of 2nd period - Goal by Mitch Callahan - Gulls : 4 - Monsters : 1.
12:02 of 2nd period - Steven Pinizzotto wins face-off versus Antoine Laganiere in neutral zone.
12:47 of 2nd period - Matt MacKenzie is hit by Carter Camper and loses puck.
13:08 of 2nd period - Jeff Hoggan is hit by Phil Lane and loses puck.
13:51 of 2nd period - Blair Riley is hit by Jimmy Bonneau and loses puck.
14:36 of 2nd period - Snap shot by Viktor Arvidsson.
14:36 of 2nd period - Deflect By Chase Schaber.
14:36 of 2nd period - Stopped by Jussi Rynnas with a rebound.
14:44 of 2nd period - Slapshot by Scott Timmins.
14:44 of 2nd period - Stopped by Jussi Rynnas without a rebound.
14:45 of 2nd period - Antoine Laganiere wins face-off versus Scott Timmins in Gulls zone.
14:45 of 2nd period - Antoine Laganiere is hit by Scott Timmins.
14:53 of 2nd period - Troy Rutkowski is hit by Antoine Laganiere and loses puck.
15:06 of 2nd period - Slapshot by Brandon Gormley.
15:06 of 2nd period - Deflect By Quinton Howden.
15:06 of 2nd period - Stopped by FARM GOALIE2 without a rebound.
15:07 of 2nd period - Jordan Weal wins face-off versus Sven Andrighetto in Monsters zone.
15:07 of 2nd period - Jordan Weal is hit by Brandon Gormley.
15:29 of 2nd period - Mitch Callahan is hit by Phil Lane and loses puck.
15:59 of 2nd period - Snap shot by Steven Pinizzotto.
15:59 of 2nd period - Deflect By Antoine Laganiere.
15:59 of 2nd period - Stopped by Jussi Rynnas with a rebound.
16:50 of 2nd period - Cal O'Reilly is hit by Brandon Gormley and loses puck.
17:18 of 2nd period - Antoine Laganiere is hit by Mitch Callahan and loses puck.
17:51 of 2nd period - Steven Pinizzotto is hit by Ryan Pulock and loses puck.
19:43 of 2nd period - Sven Andrighetto is hit by Steven Pinizzotto.
19:51 of 2nd period - Wrist shot by Steven Pinizzotto.
19:51 of 2nd period - Shot Misses the Net.
Goals for this period are 1 for Gulls vs 1 for Monsters.
Shots for this period are 4 for Gulls vs 6 for Monsters.

3rd period


0:01 of 3rd period - Sven Andrighetto wins face-off versus Cal O'Reilly in neutral zone.
0:08 of 3rd period - Jordan Caron is hit by Kris Fredheim and loses puck.
0:13 of 3rd period - Snap shot by Cal O'Reilly.
0:13 of 3rd period - Stopped by Jussi Rynnas with a rebound.
1:11 of 3rd period - Wrist shot by Steven Pinizzotto.
1:11 of 3rd period - Shot Misses the Net.
1:13 of 3rd period - Slapshot by Quinton Howden.
1:13 of 3rd period - Stopped by Jussi Rynnas with a rebound.
1:15 of 3rd period - Snap shot by Quinton Howden.
1:15 of 3rd period - Stopped by Jussi Rynnas without a rebound.
1:16 of 3rd period - Scott Timmins wins face-off versus Antoine Laganiere in Gulls zone.
1:17 of 3rd period - Slapshot by Viktor Arvidsson.
1:17 of 3rd period - Shot Misses the Net.
1:19 of 3rd period - Snap shot by Kris Fredheim.
1:19 of 3rd period - Stopped by Jussi Rynnas with a rebound.
1:21 of 3rd period - Snap shot by Jeff Hoggan.
1:21 of 3rd period - Stopped by Jussi Rynnas with a rebound.
1:30 of 3rd period - Snap shot by Viktor Arvidsson.
1:30 of 3rd period - Stopped by Jussi Rynnas with a rebound.
1:32 of 3rd period - Wrist shot by Scott Timmins.
1:32 of 3rd period - Stopped by Jussi Rynnas with a rebound.
1:46 of 3rd period - Snap shot by Ryan Pulock.
1:46 of 3rd period - Goal by Ryan Pulock - Gulls : 5 - Monsters : 1.
1:47 of 3rd period - Jordan Weal wins face-off versus Sven Andrighetto in neutral zone.
3:07 of 3rd period - Wrist shot by Joey Crabb.
3:07 of 3rd period - Goal by Joey Crabb - Gulls : 6 - Monsters : 1.
3:08 of 3rd period - Antoine Laganiere wins face-off versus Scott Timmins in neutral zone.
3:15 of 3rd period - Wrist shot by Ryan Bourque.
3:15 of 3rd period - Shot Misses the Net.
3:17 of 3rd period - Slapshot by Brandon Gormley.
3:17 of 3rd period - Goal by Brandon Gormley - Gulls : 7 - Monsters : 1.
3:18 of 3rd period - Carter Camper wins face-off versus Cal O'Reilly in neutral zone.
3:47 of 3rd period - Wrist shot by Carter Camper.
3:47 of 3rd period - Shot Blocked by Kris Fredheim.
4:31 of 3rd period - Quinton Howden and Ryan Pulock fight to a draw.
4:31 of 3rd period - Penalty to Quinton Howden for Fighting.
4:31 of 3rd period - Penalty to Ryan Pulock for Fighting.
4:32 of 3rd period - Sven Andrighetto wins face-off versus Cal O'Reilly in Monsters zone.
4:39 of 3rd period - Snap shot by Jordan Caron.
4:39 of 3rd period - Goal by Jordan Caron - Gulls : 8 - Monsters : 1.
4:39 of 3rd period - FARM GOALIE1 enters game.
4:40 of 3rd period - Cal O'Reilly wins face-off versus Sven Andrighetto in neutral zone.
4:55 of 3rd period - Wrist shot by Mitch Callahan.
4:55 of 3rd period - Shot Misses the Net.
4:57 of 3rd period - Snap shot by Mitch Callahan.
4:57 of 3rd period - Shot Misses the Net.
4:59 of 3rd period - Snap shot by Mitch Callahan.
4:59 of 3rd period - Stopped by Jussi Rynnas with a rebound.
5:01 of 3rd period - Wrist shot by Mitch Callahan.
5:01 of 3rd period - Stopped by Jussi Rynnas without a rebound.
5:02 of 3rd period - Carter Camper wins face-off versus Jordan Weal in Gulls zone.
5:04 of 3rd period - Minor Penalty to William Wrenn for Holding Stick.
5:05 of 3rd period - Cal O'Reilly wins face-off versus Phil Lane in Gulls zone.
6:02 of 3rd period - Snap shot by Steven Pinizzotto.
6:02 of 3rd period - Stopped by Jussi Rynnas with a rebound.
6:12 of 3rd period - Slapshot by Brandon Gormley.
6:12 of 3rd period - Stopped by FARM GOALIE1 without a rebound.
6:13 of 3rd period - Phil Lane wins face-off versus Jordan Weal in Monsters zone.
6:35 of 3rd period - Jordan Weal is hit by Antoine Laganiere and loses puck.
6:42 of 3rd period - Matt MacKenzie is hit by Chase Schaber and loses puck.
6:51 of 3rd period - Antoine Laganiere is hit by Brandon Montour and loses puck.
7:04 of 3rd period - Penalty to William Wrenn is over, William Wrenn is back on ice.
7:12 of 3rd period - Mitch Callahan is hit by Brandon Gormley and loses puck.
8:14 of 3rd period - Slapshot by Jeff Hoggan.
8:14 of 3rd period - Shot Misses the Net.
8:32 of 3rd period - Sven Andrighetto is hit by Steven Pinizzotto.
9:08 of 3rd period - Slapshot by Steven Pinizzotto.
9:08 of 3rd period - Stopped by Jussi Rynnas with a rebound.
9:22 of 3rd period - Snap shot by Viktor Arvidsson.
9:22 of 3rd period - Stopped by Jussi Rynnas with a rebound.
9:24 of 3rd period - Slapshot by Viktor Arvidsson.
9:24 of 3rd period - Shot Misses the Net.
9:26 of 3rd period - Slapshot by Matt MacKenzie.
9:26 of 3rd period - Deflect By Viktor Arvidsson.
9:26 of 3rd period - Stopped by Jussi Rynnas without a rebound.
9:27 of 3rd period - Scott Timmins wins face-off versus Antoine Laganiere in Gulls zone.
10:33 of 3rd period - Viktor Arvidsson is hit by Ryan Pulock.
10:56 of 3rd period - Wrist shot by Chase Balisy.
10:56 of 3rd period - Shot Misses the Net.
10:58 of 3rd period - Wrist shot by Cal O'Reilly.
10:58 of 3rd period - Stopped by Jussi Rynnas with a rebound.
11:00 of 3rd period - Slapshot by Cal O'Reilly.
11:00 of 3rd period - Stopped by Jussi Rynnas with a rebound.
11:22 of 3rd period - Joey Crabb is hit by Steven Pinizzotto.
12:26 of 3rd period - Blair Riley is hit by Jimmy Bonneau and loses puck.
12:45 of 3rd period - Icing by Jimmy Bonneau.
12:46 of 3rd period - Jordan Weal wins face-off versus Sven Andrighetto in Gulls zone.
12:59 of 3rd period - Wrist shot by Sven Andrighetto.
12:59 of 3rd period - Stopped by FARM GOALIE1 with a rebound.
13:01 of 3rd period - Snap shot by Brandon Gormley.
13:01 of 3rd period - Stopped by FARM GOALIE1 with a rebound.
13:19 of 3rd period - Slapshot by Ryan Murphy.
13:19 of 3rd period - Shot Misses the Net.
13:33 of 3rd period - Troy Rutkowski is hit by Ryan Pulock and loses puck.
13:38 of 3rd period - Snap shot by Sven Andrighetto.
13:38 of 3rd period - Shot Blocked by Cal O'Reilly.
13:40 of 3rd period - Slapshot by Matt Lashoff.
13:40 of 3rd period - Shot Misses the Net.
13:42 of 3rd period - Snap shot by Jordan Caron.
13:42 of 3rd period - Shot Misses the Net.
13:44 of 3rd period - Slapshot by Jordan Caron.
13:44 of 3rd period - Shot Blocked by Cal O'Reilly.
14:02 of 3rd period - Viktor Arvidsson is hit by Matt Lashoff and loses puck.
14:46 of 3rd period - Wrist shot by Jordan Caron.
14:46 of 3rd period - Shot Misses the Net.
14:48 of 3rd period - Wrist shot by Sven Andrighetto.
14:48 of 3rd period - Shot Misses the Net.
14:50 of 3rd period - Slapshot by Scott Ford.
14:50 of 3rd period - Shot Misses the Net.
15:11 of 3rd period - Ryan Pulock is hit by Steven Pinizzotto and loses puck.
17:05 of 3rd period - Troy Rutkowski is hit by Brayden Irwin and loses puck.
17:18 of 3rd period - Cal O'Reilly is hit by Brayden Irwin and loses puck.
17:38 of 3rd period - Slapshot by Jordan Caron.
17:38 of 3rd period - Stopped by FARM GOALIE1 with a rebound.
18:05 of 3rd period - Chase Schaber is hit by Chase Balisy and loses puck.
18:30 of 3rd period - Jimmy Bonneau is hit by Blair Riley and loses puck.
19:31 of 3rd period - Brad Richard is hit by Blair Riley and loses puck.
Goals for this period are 4 for Gulls vs 0 for Monsters.
Shots for this period are 8 for Gulls vs 15 for Monsters.